 Dungeon Crawl Stone Soup version 0.21.1-1-g345015f (webtiles) character file.

49 pkoi the Conjurer (level 3, 0/26 HPs)
             Began as a Draconian Wizard on June 29, 2018.
             Fell down a flight of stairs (1 damage)
             ... on level 2 of the Dungeon.
             The game lasted 00:02:41 (1758 turns).

pkoi the Conjurer (Draconian Wizard)                Turns: 1758, Time: 00:02:42

Health: 0/26       AC:  5    Str:  9    XL:     3   Next: 51%
Magic:  7/7        EV: 12    Int: 19    God:
Gold:   76         SH:  0    Dex:  9    Spells: 7/8 levels left

rFire    . . .     SeeInvis .   g - +0 spear
rCold    . . .     Gourm    .   (no shield)
rNeg     + . .     Faith    .   (armour unavailable)
rPois    .         Spirit   .   a - +0 hat
rElec    .         Reflect  .   (no cloak)
rCorr    .         Harm     .   (no gloves)
MR       .....                  (no boots)
Stlth    +.........             (no amulet)
HPRegen  0.08/turn              p - ring of positive energy
MPRegen  0.10/turn              (no ring)

@: confused
A: unfitting armour, cold-blooded, AC +5
a: no special abilities


You were on level 2 of the Dungeon.
You were not hungry.

You visited 1 branch of the dungeon, and saw 2 of its levels.

You collected 76 gold pieces.

Inventory:

Hand Weapons
 d - a +0 club
 g - a +0 spear (weapon)
Armour
 a - a +0 hat (worn)
Jewellery
 e - an uncursed amulet of faith
 p - a ring of positive energy (left hand)
Scrolls
 k - a scroll of identify {unknown}
 m - a scroll of teleportation {unknown}
 o - a scroll of blinking {unknown}
Potions
 h - a potion of invisibility {unknown}
 i - a potion of curing {unknown}
 j - 2 potions of heal wounds {unknown}
 l - a potion of flight {unknown}
 n - a potion of lignification {unknown}
Books
 b - a book of Minor Magic

   Spells                             Type                      Level
   a - Magic Dart                     Conjuration                  1
   b - Blink                          Translocation                2
   c - Call Imp                       Summoning                    2
   d - Slow                           Hexes                        2
   e - Conjure Flame                  Conjuration/Fire             3
   f - Mephitic Cloud                 Conjuration/Poison/Air       3
Comestibles
 c - 4 rations
 f - a chunk of flesh


   Skills:
 - Level 1.7 Dodging
 - Level 1.7 Stealth
 - Level 3.0 Spellcasting
 + Level 3.5 Conjurations
   Level 1.0 Summonings
   Level 1.0 Translocations


You had 7 spell levels left.
You knew the following spells:

 Your Spells              Type           Power        Failure   Level  Hunger
a - Magic Dart            Conj           ###.         3%          1    None


Dungeon Overview and Level Annotations

Branches:
Dungeon (2/15)

Altars:

Annotations:
D:2 Sigmund


Innate Abilities, Weirdness & Mutations

Your plain brown scales are hard. (AC +5)
You cannot fit into any form of body armour.
You are cold-blooded and may be slowed by cold attacks.


Message History

Sigmund casts a spell at you.
You are confused.
Sigmund casts a spell at you. The puff of flame hits you!
* * * LOW HITPOINT WARNING * * *
You bump into the rock wall.
Sigmund gestures wildly while chanting.
Sigmund flickers and vanishes!
Deactivating autopickup; reactivate with Ctrl-A.
There is a stone staircase leading up, spattered with blood here.
You are more confused.
In your confused state, you trip and fall back down the stairs.
* * * LOW HITPOINT WARNING * * *
A magic dart appears from out of thin air!
The magic dart hits you!
* * * LOW HITPOINT WARNING * * *
Unknown command.
You are more confused.
In your confused state, you trip and fall back down the stairs.
You die...

.#########...............####
..............................
..#######........{.......#####
..# ###...........#.#### ..#
#...#........##.# ..#
##.#.#.......###.# ..#
#....#.......# #..# .##
#.#.##..#...####..# ##
#..........@......# #
####.............#..## ##
..............#....... ...
..#.#........###.#...
##..#............# .#
$.....#.#........##. .
......<............. .
...................# ##
........†.........##


There were no monsters in sight!

Vanquished Creatures
  An adder (D:2)
  A worm (D:2)
  A dart slug (D:1)
  4 leopard geckos
  4 bats
  A giant cockroach (D:1)
  4 goblins
  4 hobgoblins (D:1)
  2 jackals (D:1)
  A kobold (D:1)
  2 frilled lizards (D:2)
  3 rats
28 creatures vanquished.

Notes
Turn   | Place    | Note
-------+----------+-------------------------------------------
     0 | D:1      | pkoi the Draconian Wizard began the quest for the Orb.
     0 | D:1      | Reached XP level 1. HP: 14/14 MP: 4/4
   237 | D:1      | Reached XP level 2. HP: 20/20 MP: 0/6
   923 | D:2      | Noticed Sigmund
   985 | D:2      | Reached XP level 3. HP: 21/26 MP: 0/7
  1756 | D:2      | HP: 1/26 [something/magic dart (10)]
  1758 | D:2      | Fell down a flight of stairs

Skill      XL: |  1  2 |
---------------+-------+-----
Conjurations   | 2 3 |  3.5
Dodging        | |  1.7
Stealth        | |  1.7
Spellcasting   | |  3.0
Summonings     | |  1.0
Translocations | |  1.0

Action                   || total
-------------------------++-------
Melee: Club              ||     2
       Spear             ||    10
 Cast: Magic Dart        ||    69
  Eat: Chunk             ||     2
Armor: Skin              ||    12
Dodge: Dodged            ||    33
